 Dungeon Crawl Stone Soup version 0.16.1-51-g6203257 (webtiles) character file.

6946 poirepourri the Blocker (level 10, -42/96 HPs)
             Began as a Deep Dwarf Fighter on Aug 1, 2015.
             Was an Elder of Okawaru.
             Annihilated by a titanic slime creature (100 damage)
             ... on level 12 of the Dungeon.
             The game lasted 00:19:37 (6469 turns).

poirepourri the Blocker (Deep Dwarf Fighter)        Turns: 6469, Time: 00:19:37

Health: -42/96     AC: 15    Str: 28      XL:     10   Next: 80%
Magic:  4/5        EV: 18    Int:  9      God:    Okawaru [****..]
Gold:   634        SH: 16    Dex: 10 (12) Spells: 0 memorised, 9 levels left

rFire  + . .     SeeInvis .     a - +2 war axe
rCold  x . .     Clarity  .     b - +1 scale mail (curse)
rNeg   . . .     SustAb   .     c - +2 shield
rPois  +         Gourm    .     (no helmet)
rElec  .         Spirit   .     D - +1 cloak {rPois}
rCorr  .         Warding  .     s - +1 pair of gloves
rMut   .         Stasis   +     (no boots)
MR     +....                    v - amulet of stasis
Stlth  ++........               p - ring of fire
                                o - +3 ring of evasion

@: mighty, heroism, non-regenerating, somewhat resistant to hostile
enchantments, unstealthy
A: damage resistance, recharge devices, sense surroundings 2, slow healing 3
a: Device Recharging, Heroism, Renounce Religion


You were on level 12 of the Dungeon.
You worshipped Okawaru.
Okawaru was greatly pleased with you.
You were not hungry.

You visited 2 branches of the dungeon, and saw 12 of its levels.

You collected 634 gold pieces.

Inventory:

Hand weapons
 a - a +2 war axe (weapon)
Armour
 b - a cursed +1 scale mail (worn)
 c - a +2 shield (worn)
 s - a +1 pair of gloves (worn)
 D - a +1 cloak of poison resistance (worn)
Jewellery
 o - a +3 ring of evasion (left hand)
 p - a ring of fire (right hand)
 v - an amulet of stasis (around neck)
 y - an uncursed ring of flight
 E - an uncursed ring of poison resistance
 G - an uncursed ring of fire
Magical devices
 d - a wand of heal wounds (1)
 h - a wand of magic darts (23)
 C - a wand of hasting (6)
Scrolls
 g - a scroll of teleportation
 j - 6 scrolls of identify
 k - a scroll of fear
 l - 2 scrolls of noise
 n - 9 scrolls of remove curse
 q - 2 scrolls of blinking
 r - 2 scrolls of amnesia
 B - a scroll of magic mapping
Potions
 e - a potion of might
 i - a potion of flight
 t - a potion of brilliance
 A - a potion of agility
Books
 w - a book of the Dragon

   Spells                             Type                      Level
   a - Flight                         Charms/Air                   3
   b - Cause Fear                     Hexes                        4
   c - Bolt of Fire                   Conjuration/Fire             6
   d - Dragon Form                    Transmutation                7
   e - Dragon's Call                  Summoning                    9
 z - a book of Hinderance

   Spells                             Type                      Level
   a - Confusing Touch                Hexes                        2
   b - Confuse                        Hexes                        3
   c - Petrify                        Transmutation/Earth          4
   d - Metabolic Englaciation         Hexes/Ice                    5
   e - Gell's Gravitas                Hexes/Translocation          5
   f - Summon Mana Viper              Hexes/Summoning              5
 H - the Grimoire of Bewitchment
   (You found it on level 9 of the Dungeon)

   Spells                             Type                      Level
   a - Ensorcelled Hibernation        Hexes/Ice                    2
   b - Spectral Weapon                Hexes/Charms                 3
   c - Summon Guardian Golem          Hexes/Summoning              4
   d - Enslavement                    Hexes                        4
 I - the Almanac of Flight
   (You found it on level 9 of the Dungeon)

   Spells                             Type                      Level
   a - Repel Missiles                 Charms/Air                   2
   b - Silence                        Hexes/Air                    5
   c - Deflect Missiles               Charms/Air                   6
Comestibles
 f - 7 bread rations
 m - a beef jerky
 u - 6 fruits
 x - a meat ration
 F - a slice of pizza


   Skills:
 * Level 7.8(12.8) Fighting
 + Level 8.0(13.0) Axes
 + Level 8.0(13.0) Armour
 + Level 7.3(12.3) Dodging
 + Level 1.0(6.0) Stealth
 + Level 9.5(14.5) Shields
 + Level 1.0 Invocations
 + Level 3.3 Evocations


You had 9 spell levels left.
You didn't know any spells.

Dungeon Overview and Level Annotations

Branches:
Dungeon (12/15)            Temple (1/1) D:7            Lair (0/8) D:9
    Orc: D:9-12

Altars:
Ashenzari
Cheibriados
Dithmenos
Elyvilon
Fedhas
Gozag
Kikubaaqudgha
Makhleb
Nemelex Xobeh
Okawaru
Qazlal
Ru
Vehumet
Xom
Zin
The Shining One

Shops:
D:5 }


Innate Abilities, Weirdness & Mutations

You are resistant to damage.
You can recharge devices by infusing magical energy.
You passively map the area around you.
You do not heal naturally.


Message History

Two slime creatures merge to form an enormous slime creature.
You hit the enormous slime creature.
The enormous slime creature is moderately wounded.
You hit the enormous slime creature.
The enormous slime creature is moderately wounded.
Two slime creatures merge to form a titanic slime creature.
Unknown command.
You slice the titanic slime creature!!
The titanic slime creature is moderately wounded.
You slice the slime creature!!
The slime creature is heavily wounded.
The slime creature hits you but does no damage.
Unknown command.
You barely miss the titanic slime creature.
The titanic slime creature is moderately wounded.
You slash the slime creature!
The slime creature is severely wounded.
You block the slime creature's attack. The titanic slime creature hits you!!!!
Ouch! That really hurt!
You die...

, ,..... * , , ,
,......., , ,
,,..... , , ,,
#...# , * * , . *
##...## , , ...
*##.....## ,,
....###.......##,
** , ,,
.........#††..).#.#
, *, #.@J).<.....#
, ###J..###...#** *
, * ##### ...* # *
, , ** * * * ,, * *
*,* ** *


You could see a titanic slime creature and a slime creature.

Vanquished Creatures
  A hill giant (D:9)
  A cyclops (D:9)
  A manticore (D:9)
  A troll (D:9)
  A deep elf mage (D:9)
  7 yaks
  2 hippogriffs (D:7)
  A shadow (D:9)
  4 vampire mosquitoes (D:12)
  An ice beast (D:7)
  A black bear (D:8)
  An eye of draining (D:8)
  5 ogres
  A necrophage (D:5)
  2 orc warriors
  A crocodile (D:9)
  2 phantoms
  Duvessa (D:7)
  A big kobold (D:8)
  A centaur (D:9)
  Blork the orc (D:5)
  2 giant frogs
  3 scorpions
  5 wights (D:11)
  2 crimson imps
  Dowan (D:7)
  A centaur zombie (D:6)
  2 jellies
  3 orc priests
  4 iguanas
  3 quasits
  A centaur skeleton (D:8)
  9 hounds
  5 orc wizards
  10 worker ants
  Natasha (D:5)
  A wandering mushroom (D:9)
  2 hound zombies
  A mummy (D:11)
  A river rat (D:4)
  8 adders
  A giant mite (D:4)
  2 worms
  5 adder skeletons
  5 giant geckos
  4 oozes
  17 orcs
  6 ball pythons
  A bat zombie (D:8)
  5 giant cockroaches
  8 goblins
  14 hobgoblins
  12 jackals
  14 kobolds
  2 quokkas
  9 bats
  A giant cockroach zombie (D:5)
  3 giant newts
  A quokka zombie (D:8)
  12 rats
224 creatures vanquished.

Notes
Turn   | Place    | Note
--------------------------------------------------------------
     0 | D:1      | poirepourri, the Deep Dwarf Fighter, began the quest for the Orb.
     0 | D:1      | Reached XP level 1. HP: 20/20 MP: 1/1
   125 | D:1      | Reached XP level 2. HP: 25/27 MP: 2/2
   817 | D:2      | Reached XP level 3. HP: 19/34 MP: 3/3
   875 | D:2      | Reached skill level 1 in Dodging
   954 | D:2      | Found a shadowy altar of Dithmenos.
   967 | D:2      | Reached skill level 4 in Shields
   999 | D:2      | Reached XP level 4. HP: 35/42 MP: 4/4
  1345 | D:2      | You fall through a shaft!
  1463 | D:4      | Reached XP level 5. HP: 43/50 MP: 5/5
  1615 | D:4      | Noticed a phantom
  1689 | D:4      | Killed a phantom
  1689 | D:4      | Reached XP level 6. HP: 41/57 MP: 6/6
  1970 | D:4      | Reached skill level 5 in Shields
  2020 | D:4      | Found a glowing drain.
  2028 | D:4      | Reached XP level 7. HP: 58/66 MP: 6/6
  2217 | D:5      | Entered Level 5 of the Dungeon
  2418 | D:5      | Noticed Natasha
  2422 | D:5      | Killed Natasha
  2601 | D:5      | Noticed Blork the orc
  2634 | D:5      | Killed Blork the orc
  2669 | D:5      | Reached skill level 5 in Fighting
  2669 | D:5      | Reached skill level 5 in Armour
  2685 | D:5      | Found a shimmering altar of Xom.
  2697 | D:5      | Found Kegg's Gadget Boutique.
  3116 | D:6      | Reached XP level 8. HP: 38/74 MP: 6/6
  3268 | D:6      | Reached skill level 6 in Shields
  3361 | D:6      | Reached skill level 1 in Evocations
  3716 | D:6      | Found a white marble altar of Elyvilon.
  3968 | D:7      | Found a staircase to the Ecumenical Temple.
  3979 | Temple   | Entered the Ecumenical Temple
  4347 | Temple   | Became a worshipper of Warmaster Okawaru
  4435 | D:7      | Found a radiant altar of Vehumet.
  4437 | D:7      | Found a sacrificial altar of Ru.
  4566 | D:7      | Reached skill level 5 in Axes
  4567 | D:7      | Reached skill level 1 in Stealth
  4771 | D:7      | Reached skill level 5 in Dodging
  4771 | D:7      | Reached skill level 7 in Shields
  4850 | D:7      | Acquired Okawaru's first power
  4850 | D:7      | Gained mutation: You passively map the area around you. [level up]
  4850 | D:7      | Reached XP level 9. HP: 62/82 MP: 6/6
  4873 | D:7      | Noticed Dowan
  4903 | D:7      | Killed Dowan
  4963 | D:7      | Noticed Duvessa
  4990 | D:7      | Killed Duvessa
  5835 | D:9      | Reached skill level 8 in Shields
  5895 | D:9      | Noticed a cyclops
  5921 | D:9      | Noticed a hill giant
  5925 | D:9      | Noticed a manticore
  5939 | D:9      | Killed a hill giant
  5939 | D:9      | Reached XP level 10. HP: 44/92 MP: 4/6
  5939 | D:9      | Killed a cyclops
  5958 | D:9      | Killed a manticore
  6172 | D:9      | Identified the Grimoire of Bewitchment
  6181 | D:9      | Identified the Almanac of Flight
  6195 | D:9      | Found a staircase to the Lair.
  6199 | D:9      | Reached skill level 1 in Invocations
  6237 | D:10     | Entered Level 10 of the Dungeon
  6271 | D:10     | Reached skill level 9 in Shields
  6469 | D:12     | Annihilated by a titanic slime creature

Action                   |  1- 3 |  4- 6 |  7- 9 | 10-12 || total
-------------------------+-------+-------+-------+-------++-------
Melee: War axe           |   118 |   165 |   557 |   135 ||   975
Invok: Heroism           |       |       |     1 |     1 ||     2
 Abil: Device Recharging |       |     1 |     7 |     2 ||    10
Evoke: Wand              |     1 |     5 |    34 |     7 ||    47
  Use: Scroll            |       |     6 |     6 |     6 ||    18
       Potion            |       |     7 |     8 |     1 ||    16
  Eat: Bread ration      |       |     1 |     2 |       ||     3
       Meat ration       |       |       |     1 |       ||     1
       Pizza             |       |       |     1 |       ||     1
       Beef jerky        |       |       |       |     1 ||     1
